 Dungeon Crawl Stone Soup version 0.23.2-33-g5129a83184 (webtiles) character file.

Game seed: 13044481995260429041

151 opellulo the Shooter (level 5, -3/40 HPs)
             Began as a Centaur Arcane Marksman on July 2, 2019.
             Slain by a gnoll
             ... wielding a +0 flail
              (7 damage)
             ... on level 3 of the Dungeon.
             The game lasted 00:18:38 (2172 turns).

opellulo the Shooter (Centaur Arcane Marksman)      Turns: 2172, Time: 00:18:39

Health: -3/40      AC:  5    Str: 13    XL:     5   Next: 10%
Magic:  7/7        EV:  9    Int: 12    God:
Gold:   136        SH:  0    Dex: 10    Spells: 4/7 levels left

rFire    . . .     SeeInvis .   i - +3 short sword
rCold    . . .     Gourm    .   (no shield)
rNeg     . . .     Faith    .   b - +1 leather armour {rPois}
rPois    +         Spirit   .   (no helmet)
rElec    .         Reflect  .   (no cloak)
rCorr    .         Harm     .   (no gloves)
MR       .....                  (no barding)
Stlth    +.........             (no amulet)
HPRegen  0.13/turn              m - +3 ring of slaying
MPRegen  0.10/turn              (no ring)

@: very slightly contaminated, invisible, very quick
A: large, hooves 3, deformed body, speed 2, tough skin 3
a: no special abilities


You were on level 3 of the Dungeon.
You were not hungry.

You visited 1 branch of the dungeon, and saw 3 of its levels.

You collected 136 gold pieces.

Inventory:

Hand Weapons
 a - a +0 shortbow
 i - a +3 short sword (weapon)
 n - a +2 dagger of holy wrath
Missiles
 d - 3 arrows
 k - 34 bolts
 r - 20 sling bullets
 x - 19 stones (quivered)
Armour
 b - a +1 leather armour of poison resistance (worn)
 e - a +0 robe
Magical Staves
 w - an uncursed staff of fire {unknown}
Jewellery
 m - a +3 ring of slaying (left hand)
Scrolls
 g - 3 scrolls of identify
 h - 4 scrolls of remove curse {unknown}
 j - 2 scrolls of enchant weapon {unknown}
 l - 3 scrolls of enchant armour {unknown}
 o - a scroll of teleportation {unknown}
 p - a scroll of noise {unknown}
 q - 2 scrolls of fear {unknown}
 u - a scroll of amnesia {unknown}
Potions
 s - a potion of might {unknown}
 t - a potion of agility {unknown}
 v - a potion of heal wounds {unknown}
Comestibles
 f - 5 rations


   Skills:
 + Level 1.3 Fighting
 * Level 5.1 Bows
 + Level 0.7 Armour
 * Level 1.8 Dodging
 + Level 1.5 Spellcasting
 * Level 3.2 Hexes


You had 4 spell levels left.
You knew the following spells:

 Your Spells              Type           Power        Failure   Level  Hunger
a - Corona                Hex            #......      10%         1    ##.....
b - Slow                  Hex            #.......     14%         2    ###....

Your spell library contained the following spells:

 Spells                   Type           Power        Failure   Level  Hunger
 Inner Flame              Hex/Fire       #.......     50%         3    ####...
 Portal Projectile        Hex/Tloc       #.....       50%         3    ####...
 Cause Fear               Hex            #.........   67%         4    #####..
 Leda's Liquefaction      Hex/Erth       #.........   88%         4    #####..


Dungeon Overview and Level Annotations

Branches:
Dungeon (3/15)

Altars:
Ashenzari


Innate Abilities, Weirdness & Mutations

You have hooves in place of feet.
Armour fits poorly on your strangely shaped body.
You cover ground very quickly.
You have extremely tough skin. (AC +3)


Message History

A gnoll comes into view. It is wielding a +0 flail.
The gnoll shouts!
The gnoll throws a throwing net.
The throwing net hits you.
You become entangled in the net!
You see here a throwing net.
You tear a large gash into the net.
A gnoll is nearby!
You struggle against the net.
You shred the net and break free!
The gnoll throws a throwing net.
The throwing net completely misses you.
You completely miss the gnoll. Your kick misses the gnoll.
The gnoll closely misses you.
You closely miss the gnoll.
You hear the rusting of a very distant drain.
The gnoll hits you with a +0 flail!
* * * LOW HITPOINT WARNING * * *
You hit the gnoll.
The gnoll is lightly wounded.
The gnoll hits you with a +0 flail!
You die...

##.....(#... .#
#..))....... ..
##..#'##.....
######..#...# ....
#.......#...# .... #
#....####...##.# .##
#....†⌠.#)'##.⌠# ..#.
#....#g......(.# .......
#.##.##@......####......
...#...#.......#...#.####
#.. #...'..._...'...#... #
#...#...#.......#...#.#.##
#...#####.......#####.#...
... #...†.....#....###.
##..#⌠.##'##.⌠#)....[.(
##...#.##...####..#..##.
#.......#...#....###.#..


You could see a gnoll.

Vanquished Creatures
  An orc wizard (D:3)
  3 gnolls (D:3)
  2 adders (D:2)
  A worm (D:3)
  2 dart slugs
  A leopard gecko (D:1)
  2 orcs (D:3)
  6 giant cockroaches
  2 goblins
  8 hobgoblins
  5 jackals
  7 kobolds
  2 quokkas (D:2)
  10 bats
  3 frilled lizards
  12 rats
67 creatures vanquished.

Notes
Turn   | Place    | Note
-------+----------+-------------------------------------------
     0 | D:1      | opellulo the Centaur Arcane Marksman began the quest for
                  | the Orb.
     0 | D:1      | Reached XP level 1. HP: 16/16 MP: 2/2
    37 | D:1      | Reached skill level 3 in Bows
   254 | D:1      | Reached XP level 2. HP: 23/23 MP: 1/3
   578 | D:1      | Learned a level 2 spell: Slow
   598 | D:1      | Reached skill level 4 in Bows
   638 | D:1      | Reached XP level 3. HP: 23/28 MP: 1/4
  1892 | D:3      | Reached XP level 4. HP: 35/35 MP: 2/6
  1981 | D:3      | Reached skill level 5 in Bows
  2056 | D:3      | Found a shattered altar of Ashenzari.
  2134 | D:3      | Reached XP level 5. HP: 18/40 MP: 4/7
  2172 | D:3      | Slain by a gnoll

Skill      XL: |  1  2  3  4 |
---------------+-------------+-----
Bows           | 3 4 5 |  5.1
Hexes          | 3 |  3.2
Fighting       | |  1.3
Armour         | |  0.7
Dodging        | |  1.8
Spellcasting   | |  1.5

Action                   |  1- 3 |  4- 6 || total
-------------------------+-------+-------++-------
Melee: Short sword       |     5 |    53 ||    58
       Kick              |     1 |    10 ||    11
 Fire: Shortbow          |   126 |     4 ||   130
Throw: Stone             |       |     4 ||     4
 Cast: Corona            |    24 |     3 ||    27
       Slow              |     8 |       ||     8
  Use: Scroll            |     1 |       ||     1
       Potion            |       |     1 ||     1
  Eat: Ration            |     1 |       ||     1
       Chunk             |     1 |       ||     1
Armor: Leather armour    |    46 |     9 ||    55
Dodge: Dodged            |    46 |    23 ||    69
